 Dungeon Crawl Stone Soup version 0.31-a0-538-gbc85326fa9 (webtiles) character file.

Game seed: 14638477039132403166

16300 arthad the Protected (level 12, -1/98 HPs)
             Began as a Formicid Fighter on Aug 13, 2023.
             Was a High Priest of Cheibriados.
             Constricted to death by Jorgrun (5 damage)
             ... on level 12 of the Dungeon on Aug 14, 2023.
             The game lasted 00:26:01 (10350 turns).

arthad the Protected (Formicid Fighter)            Turns: 10350, Time: 00:26:02

Health: -1/98      AC: 16    Str: 38    XL:     12   Next: 68%
Magic:  0/16       EV: 17    Int: 20    God:    Cheibriados [*****.]
Gold:   414        SH: 15    Dex: 31    Spells: 11/11 levels left

rFire   . . .        a - +1 war axe (heavy)
rCold   . . .        I - +0 kite shield
rNeg    . . .        b - +0 scale mail
rPois   .            (helmet unavailable)
rElec   .            H - +1 cloak {Stlth+}
rCorr   .            t - +0 pair of gloves
SInv    +            o - +2 pair of boots
Will    +....        l - amulet of guardian spirit
Stlth   ++           p - +6 ring of dexterity
HPRegen 0.36/turn    r - +5 ring of evasion
MPRegen 0.15/turn

%: guardian spirit
@: grasped by roots, constricted, very slow
A: permanent stasis, dig shafts and tunnels, antennae 3, four strong arms
a: Dig, Shaft Self, Renounce Religion, Bend Time, Temporal Distortion, Slouch,
Step From Time


You were on level 12 of the Dungeon.
You worshipped Cheibriados.
Cheibriados was extremely pleased with you.
You visited 2 branches of the dungeon, and saw 13 of its levels.

You collected 596 gold pieces.
You spent 182 gold pieces at shops.

Inventory:

Hand Weapons
 a - a +1 heavy war axe (weapon)
 c - a +2 vampiric glaive
 q - the +6 whip of Woe {protect, Fly Int+2 Stlth+}
   (You found it on level 4 of the Dungeon)

   Int+2:     It affects your intelligence (+2).
   Fly:       It grants you flight.
   Stlth+:    It makes you more stealthy.
 B - a +0 battleaxe
 G - a +1 hand axe of draining
Missiles
 n - 40 poisoned darts (quivered)
 D - 4 atropa-tipped darts
 F - 2 curare-tipped darts
Armour
 b - a +0 scale mail (worn)
 o - a +2 pair of boots (worn)
 t - a +0 pair of gloves (worn)
 H - a +1 cloak of stealth (worn)
 I - a +0 kite shield (worn)
 J - a +3 leather armour of poison resistance
Jewellery
 f - a ring of fire
 l - an amulet of guardian spirit (around neck)
 p - a +6 ring of dexterity (left hand)
 r - a +5 ring of evasion (right hand)
Wands
 s - a wand of light (6)
 w - a wand of paralysis (10)
 y - a wand of flame (11)
 A - a wand of iceblast (13)
Scrolls
 e - 4 scrolls of amnesia
 g - 10 scrolls of teleportation
 h - a scroll of enchant armour {unknown}
 u - a scroll of fear
 x - 3 scrolls of identify
 C - a scroll of enchant weapon
 K - a scroll of vulnerability {unknown}
 M - a scroll of immolation
Potions
 d - 2 potions of might
 i - 3 potions of attraction
 j - 4 potions of mutation
 m - 2 potions of degeneration
 v - 3 potions of brilliance
 z - a potion of berserk rage
 E - 3 potions of enlightenment
 L - a potion of curing


   Skills:
 * Level 10.4 Fighting
 * Level 9.3 Axes
 + Level 5.5 Throwing
 * Level 10.4 Armour
 + Level 4.8 Dodging
 + Level 10.2 Shields
 + Level 6.0 Invocations
 + Level 4.3 Evocations


You had 11 spell levels left.
You didn't know any spells.
Your spell library contained the following spells:

 Spells                   Type           Power      Damage    Failure   Level
 Ensorcelled Hibernation  Hex/Ice        0%         N/A       56%         2
 Passwall                 Tmut/Erth      0%         N/A       56%         2
 Anguish                  Hex/Necr       0%         N/A       99%         4
 Cause Fear               Hex            0%         N/A       99%         4
 Leda's Liquefaction      Hex/Erth       0%         N/A       99%         4
 Lee's Rapid Deconstruct  Erth           0%         3d4*      100%        5
 Leda's Unmaking          Conj/Erth      0%         9d1       100%        6
 Enfeeble                 Hex            0%         N/A       100%        7
 Swiftness                Air            Unusable   N/A       N/A         3

Dungeon Overview and Level Annotations

Branches:
Dungeon (12/15)            Temple (1/1) D:6            Lair (0/5) D:11
    Orc (0/2) D:11

Altars:
Ashenzari
Cheibriados
Dithmenos
Elyvilon
Fedhas
Gozag
Hepliaklqana
Kikubaaqudgha
Makhleb
Nemelex Xobeh
Okawaru
Qazlal
Ru
Sif Muna
Trog
Uskayaw
Vehumet
Wu Jian
Xom
Yredelemnul
Zin
The Shining One

Shops:
D:6 !

Annotations:
D:12 Jorgrun
Temple 2 transporters


Innate Abilities, Weirdness & Mutations

You cannot be hasted, slowed, berserked, paralysed or teleported.
You can dig through walls and to a lower floor.
You have a pair of large antennae on your head. (SInv)
Your four strong arms can wield two-handed weapons with a shield.


Message History

* * * LOW HITPOINT WARNING * * *
You hit Jorgrun.
Jorgrun is lightly wounded.
Jorgrun closely misses you. You block Jorgrun's attack.
The grasping roots constrict you!
* * * LOW HITPOINT WARNING * * *
Jorgrun hits you but does no damage. Jorgrun shatters you.
* * * LOW HITPOINT WARNING * * *
You block Jorgrun's attack. The grasping roots constrict you!
* * * LOW HITPOINT WARNING * * *
You feel much better. Jorgrun misses you.
Jorgrun hits you with a staff of earth. The grasping roots constrict you!
* * * LOW HITPOINT WARNING * * *
Okay, then.
Aiming: Bolt of Light
Press: ? - help, Shift-Dir - straight line, f - Jorgrun
Aim: Jorgrun, wielding a staff of earth and wearing a +1 robe of willpower (lightly wounded, 57% to hit)
The bolt of light hits Jorgrun!
Jorgrun is lightly wounded.
Jorgrun is blinded.
Jorgrun says, "I've ne'er se'n tha particular type o' rock formation 'fore."
Jorgrun points at you and mumbles some strange words.
The entropic shot misses you. The grasping roots constrict you.
* * * LOW HITPOINT WARNING * * *
You slash Jorgrun!
Jorgrun is moderately wounded.
Jorgrun completely misses you. Jorgrun closely misses you.
The grasping roots constrict you.
* * * LOW HITPOINT WARNING * * *
You closely miss Jorgrun.
Jorgrun is moderately wounded.
You block Jorgrun's attack. Jorgrun hits you with a staff of earth.
* * * LOW HITPOINT WARNING * * *
Jorgrun shatters you!
* * * LOW HITPOINT WARNING * * *
The grasping roots constrict you.
* * * LOW HITPOINT WARNING * * *
You block Jorgrun's attack. Jorgrun hits you but does no damage.
The grasping roots constrict you.
You die...

######..##.##.######..#
#........#..#.........#
#........#..#.........#
##########..##.########
....#........#
#........# #........# {
.####........#
.......@.#####
.......g.# .#..##...#
#.. #...# #.. #...#
#...# #...# #...#


You could see Jorgrun (blind).

Vanquished Creatures
  Erica (D:8)
  A boulder beetle (D:8)
  5 two-headed ogres
  Amaemon (D:9)
  Jeremiah (D:8)
  An ugly thing (D:8)
  A cyclops (D:12)
  2 manticores
  An orange demon (D:9)
  A gargoyle (D:8)
  An unseen horror (D:12)
  2 tengu conjurers (D:8)
  3 komodo dragons (D:11)
  2 trolls
  2 hornets
  Prince Ribbit (D:9)
  A wraith (D:11)
  3 shadows
  A vampire (D:10)
  4 yaks (D:9)
  2 wyverns (D:11)
  A basilisk (D:11)
  3 vampire mosquitoes (D:10)
  An acid dragon (D:9)
  3 water moccasins
  3 orc warriors
  4 sky beasts
  2 ice beasts
  3 black bears
  5 centaurs
  3 wolves (D:11)
  A gnoll sergeant (D:6)
  4 kobold brigands
  A bullfrog (D:8)
  5 scorpions
  3 wights (D:10)
  6 killer bees (D:9)
  9 howler monkeys
  2 jellies
  An orc priest (D:7)
  3 hounds
  Crazy Yiuf (D:7)
  2 gnoll boudas
  A sleepcap (D:8)
  5 iguanas
  6 orc wizards
  4 adders
  17 gnolls
  2 shadow imps (D:7)
  A white imp (D:8)
  2 worms (D:4)
  23 orcs
  5 ball pythons
  6 endoplasms
  A giant cockroach (D:1)
  9 goblins
  9 hobgoblins
  31 kobolds
  9 quokkas
  2 bats (D:1)
  3 frilled lizards
  4 rats
243 creatures vanquished.

Notes
Turn   | Place    | Note
-------+----------+-------------------------------------------
     0 | D:1      | arthad the Formicid Fighter began the quest for the Orb.
     0 | D:1      | Reached XP level 1. HP: 18/18 MP: 1/1
   125 | D:1      | Reached XP level 2. HP: 24/24 MP: 2/2
   181 | D:1      | Reached XP level 3. HP: 17/29 MP: 3/3
   724 | D:2      | Reached XP level 4. HP: 17/37 MP: 4/4
  1475 | D:3      | Noticed a scorpion
  1483 | D:3      | Killed a scorpion
  1484 | D:3      | Reached skill level 5 in Shields
  1484 | D:3      | Reached XP level 5. HP: 39/42 MP: 3/5
  2009 | D:4      | Identified the +6 whip of Woe {protect, Fly Int+2 Stlth+}
  2142 | D:4      | Noticed a black bear
  2154 | D:4      | Killed a black bear
  2155 | D:4      | Reached XP level 6. HP: 23/49 MP: 2/6
  2285 | D:4      | Found a basalt altar of Yredelemnul.
  2339 | D:4      | Found a broken altar of Ashenzari.
  2948 | D:4      | Reached XP level 7. HP: 55/55 MP: 7/7
  3060 | D:5      | Entered Level 5 of the Dungeon
  3148 | D:5      | Reached skill level 5 in Armour
  3299 | D:5      | Reached skill level 5 in Fighting
  3912 | D:5      | Found a stormy altar of Qazlal.
  4012 | D:5      | Reached XP level 8. HP: 63/63 MP: 8/8
  4539 | D:6      | Found Nixumull's Distillery.
  4554 | D:6      | Bought a potion of heal wounds for 70 gold pieces
  4554 | D:6      | Bought a potion of curing for 42 gold pieces
  4655 | D:6      | Bought a potion of heal wounds for 70 gold pieces
  4798 | D:6      | Reached skill level 5 in Axes
  5030 | D:6      | Found a staircase to the Ecumenical Temple.
  5035 | Temple   | Found a transporter.
  5035 | Temple   | Found a transporter.
  5035 | Temple   | Found a transporter.
  5035 | Temple   | Found a transporter.
  5035 | Temple   | Entered the Ecumenical Temple
  5047 | Temple   | Became a worshipper of Cheibriados the Contemplative
  5313 | D:7      | Reached skill level 1 in Throwing
  5451 | D:7      | Reached skill level 1 in Dodging
  5451 | D:7      | Reached XP level 9. HP: 71/71 MP: 9/9
  5559 | D:7      | Reached * piety under Cheibriados
  5775 | D:7      | Found a runed translucent door.
  5776 | D:7      | Noticed Crazy Yiuf
  6114 | D:7      | Killed Crazy Yiuf
  6302 | D:8      | Noticed a two-headed ogre
  6314 | D:8      | Killed a two-headed ogre
  6315 | D:8      | Reached skill level 1 in Invocations
  6498 | D:8      | Noticed a gargoyle
  6506 | D:8      | Killed a gargoyle
  6510 | D:8      | Noticed a manticore
  6521 | D:8      | Killed a manticore
  6522 | D:8      | Reached XP level 10. HP: 71/80 MP: 9/11
  6556 | D:8      | Noticed a green ugly thing
  6574 | D:8      | Killed a green ugly thing
  6680 | D:8      | Noticed a boulder beetle
  6692 | D:8      | Killed a boulder beetle
  6706 | D:8      | Noticed Erica
  6725 | D:8      | Killed Erica
  6726 | D:8      | Reached skill level 1 in Evocations
  6793 | D:8      | Noticed Jeremiah
  6822 | D:8      | Reached ** piety under Cheibriados
  6890 | D:8      | HP: 4/82 [Jeremiah/divine providence (9)]
  6895 | D:8      | Killed Jeremiah
  6896 | D:8      | Reached XP level 11. HP: 22/87 MP: 1/14
  7411 | D:9      | Noticed Prince Ribbit
  7417 | D:9      | Killed Prince Ribbit
  7449 | D:9      | Noticed Amaemon
  7473 | D:9      | Killed Amaemon
  7473 | D:9      | Reached *** piety under Cheibriados
  7783 | D:9      | Noticed a two-headed ogre
  7790 | D:9      | Killed a two-headed ogre
  8008 | D:9      | Found a white marble altar of Elyvilon.
  8304 | D:8      | Noticed a two-headed ogre
  8310 | D:8      | Reached skill level 5 in Invocations
  8313 | D:8      | Killed a two-headed ogre
  8617 | D:10     | Entered Level 10 of the Dungeon
  8623 | D:10     | Reached **** piety under Cheibriados
  8752 | D:10     | Reached XP level 12. HP: 97/97 MP: 15/15
  8873 | D:10     | Noticed a two-headed ogre
  8878 | D:10     | Killed a two-headed ogre
  9407 | D:11     | Noticed a two-headed ogre
  9412 | D:11     | Killed a two-headed ogre
  9413 | D:11     | Reached skill level 5 in Throwing
  9413 | D:11     | Reached skill level 10 in Armour
  9465 | D:11     | Reached skill level 10 in Fighting
  9469 | D:11     | Reached ***** piety under Cheibriados
  9471 | D:11     | Reached skill level 10 in Shields
  9498 | D:11     | Found an ancient bone altar of Kikubaaqudgha.
  9726 | D:11     | Found a staircase to the Lair.
 10020 | D:11     | Found a staircase to the Orcish Mines.
 10340 | D:12     | Noticed Jorgrun
 10350 | D:12     | HP: 4/98 [constriction (2)]
 10350 | D:12     | Constricted to death by Jorgrun

Illustrated notes

Levels and vault maps discovered:
D:1:      tarquinn_simple_flora_water_f, layout_rooms, st_stairs_8,
          minmay_three_crescents
D:2:      layout_basic
D:3:      layout_loops_ring, dreamdust_princess_corridor
D:4:      minmay_general_purpose_star, layout_loops_cross,
          mainiacjoe_overflow_big_doors, minmay_hedge_maze,
          hangedman_minor_gate_pass
D:5:      layout_cave_pods, mainiacjoe_overflow_tiny_flanked
D:6:      layout_gridville, minmay_temple_entry_trees, serial_shops, shop
D:7:      layout_basic, minmay_misc_feat_doors, chequers_serial_rivers_micro_e,
          uniq_crazy_yiuf_cottage
D:8:      minmay_diamond_stairs, layout_gridville, uniq_erica, uniq_jeremiah
D:9:      layout_roguey, kennysheep_diamond, uniq_amaemon, uniq_prince_ribbit1
D:10:     layout_roguey, chequers_garden, nzn_life_drinkers
D:11:     layout_roguey, minmay_lair_entry_grove, orc_0_dummy,
          kiku_gazebo_garden_becter
D:12:     layout_grid_maze, portal_ice_cave_entry_pillars_2, uniq_jorgrun
Temple:   hellmonk_temple_divided_pantheon

Skill      XL: |  1  2  3  4  5  6  7  8  9 10 11 12 |
---------------+-------------------------------------+-----
Armour         | 4 5 6 7 8 9 10 | 10.4
Fighting       | 4 5 6 7 8 9 10 | 10.4
Axes           | 3 4 5 6 7 8 9 |  9.3
Shields        | 5 6 7 8 9 10 | 10.2
Throwing       | 1 2 3 4 5 |  5.5
Dodging        | 1 2 3 4 |  4.8
Invocations    | 2 4 5 6 |  6.0
Evocations     | 1 3 4 |  4.3

Action                     |  1- 3 |  4- 6 |  7- 9 | 10-12 || total
---------------------------+-------+-------+-------+-------++-------
  Melee: War axe           |    72 |   146 |   225 |   334 ||   777
  Throw: Dart              |       |     3 |    16 |    49 ||    68
Ability: Dig               |       |       |     1 |       ||     1
  Evoke: Wand              |       |       |     3 |     7 ||    10
    Use: Scroll            |       |       |     3 |    14 ||    17
         Potion            |       |       |       |    13 ||    13
   Stab: Paralysed         |       |       |     2 |       ||     2
         Invisible         |       |       |       |     6 ||     6
 Armour: Scale mail        |    38 |    67 |    87 |   125 ||   317
         Skin              |       |       |       |     4 ||     4
  Dodge: Dodged            |    37 |    66 |   105 |   330 ||   538
  Block: Buckler           |    23 |    43 |    71 |       ||   137
         Kite shield       |       |       |    14 |   371 ||   385

Table legend: (Time is in decaauts)
 A = Elapsed time spent in this place.
 B = Non-inter-level travel time spent in this place.
 C = Inter-level travel time spent in this place.
 D = Time resting spent in this place.
 E = Time spent auto-exploring this place.
 F = Levels seen in this place.
 G = Mean time per level.
                   A        B        C        D        E       F      G
               +--------+--------+--------+--------+--------+-----+--------+
         Total |  12534 |  11918 |    616 |    663 |   8758 |  13 |  964.2 |
       Dungeon |  12502 |  11911 |    591 |    663 |   8758 |  12 | 1041.8 |
        Temple |     32 |      8 |     24 |      0 |      0 |   1 |   32.0 |
               +--------+--------+--------+--------+--------+-----+--------+

Top non-repeatable levels by time:
     D:9: 1654 daAuts
     D:8: 1462 daAuts
     D:5: 1350 daAuts
    D:11: 1272 daAuts
     D:7: 1268 daAuts
    D:10: 1225 daAuts
     D:4: 1114 daAuts
     D:6: 894 daAuts
     D:3: 749 daAuts
     D:1: 741 daAuts
     D:2: 573 daAuts
    D:12: 194 daAuts
  Temple: 32 daAuts
